 Dungeon Crawl Stone Soup version 0.30-a0-1161-g0704695555 (webtiles) character file.

Game seed: 7157543582956007045

73964 avis the Martial Artist (level 14, -9/88 HPs)
             Began as a Demigod Transmuter on Apr 26, 2023.
             Mangled by a cherub
             ... wielding a +2 flail of flaming
              (10 damage)
             ... on level 13 of the Dungeon on Apr 28, 2023.
             The game lasted 03:36:33 (28633 turns).

avis the Martial Artist (Demigod Transmuter)       Turns: 28633, Time: 03:36:34

Health: -9/88      AC:  2    Str: 15      XL:     14   Next: 63%
Magic:  23/29      EV: 32    Int: 10 (11) God:
Gold:   1740       SH:  0    Dex: 26 (27) Spells: 7/28 levels left

rFire   x . .        a - melded staff of air "Orarupne" {rElec rC+ rN+ Int+2}
rCold   + . .        Y - melded +0 buckler {AC+3}
rNeg    . . .        z - melded +2 robe {rC+}
rPois   x            B - melded +2 hat {SInv}
rElec   .            N - melded scarf {rC+ rF+}
rCorr   .            E - melded +0 pair of gloves
SInv    .            h - melded +0 pair of boots
Will    ++...        W - amulet of regeneration
Stlth   ++           c - ring of ice
HPRegen 0.00/turn    u - ring of willpower
MPRegen 0.21/turn

%: random rage (9%)
@: spider-form, inhibited regen, glowing, unable to read, unable to drink
A: venomous fangs, tiny, high MP 1, forlorn, divine attributes, [berserk 2],
[clumsy 2], ([deformed body]), [deterioration 2], [dopey 2], [frail 3],
[screaming 2], [inhibited regeneration], [teleportitis 2], ([cold vulnerability
2]), ([heat vulnerability 2]), [inability to drink after injury 2], [inability
to read after injury 2]
a: End Transformation


You were on level 13 of the Dungeon.
You were a venomous arachnid creature.
You visited 4 branches of the dungeon, and saw 20 of its levels.

You collected 1792 gold pieces.
You spent 52 gold pieces at shops.

Inventory:

Hand Weapons
 b - a +0 heavy sling
Armour
 h - a +0 pair of boots (melded)
 z - a +2 robe of cold resistance (melded)
 B - a +2 hat of see invisible (melded)
 E - a +0 pair of gloves (melded)
 N - a scarf of resistance (melded)
 Y - a +0 buckler of protection (melded)
Magical Staves
 a - the staff of air "Orarupne" (melded) {rElec rC+ rN+ Int+2}
   (You found it on level 5 of the Dungeon)

   [staff of air]

   Base accuracy: +5 Base damage: 5 Base attack delay: 1.2 This weapon's minimum
   attack delay (0.6) is reached at skill level 12.
   Int:       It affects your intelligence (+2).
   rC:        It protects you from cold.
   rElec:     It insulates you from electricity.
   rN:        It protects you from negative energy.
   It falls into the 'Staves' category.
   It is a two-handed weapon.
Jewellery
 c - a ring of ice (left front pincers)
 n - a ring of flight
 u - a ring of willpower (right front pincers)
 M - a ring of fire
 S - a ring of positive energy
 W - an amulet of regeneration (around neck)
Wands
 t - a wand of paralysis (24)
 A - a wand of roots (6)
 C - a wand of flame (42)
 G - a wand of polymorph (3)
 L - a wand of mindburst (18)
 P - a wand of digging (6)
 Q - a wand of quicksilver (5)
Scrolls
 d - 6 scrolls of magic mapping
 e - 9 scrolls of teleportation {unknown}
 j - 3 scrolls of poison
 l - 4 scrolls of noise {unknown}
 m - 4 scrolls of vulnerability {unknown}
 o - a scroll of immolation {unknown}
 q - 4 scrolls of blinking {unknown}
 r - 3 scrolls of fear {unknown}
 x - 5 scrolls of fog {unknown}
 y - a scroll of acquirement {unknown}
 F - 2 scrolls of enchant armour {unknown}
 I - 4 scrolls of torment {unknown}
 J - a scroll of silence {unknown}
 O - a scroll of amnesia {unknown}
Potions
 f - 3 potions of heal wounds
 g - 4 potions of lignification
 i - a potion of resistance
 k - a potion of cancellation
 p - 6 potions of brilliance
 v - 3 potions of magic
 w - 2 potions of flight
 D - 7 potions of curing
 K - 2 potions of invisibility {unknown}
 T - a potion of might


   Skills:
 - Level 12.0 Fighting
 - Level 4.0 Ranged Weapons
 - Level 10.0 Dodging
 - Level 6.0 Stealth
 - Level 4.0 Shields
 - Level 12.0 Unarmed Combat
 * Level 7.5 Spellcasting
 - Level 3.0 Translocations
 * Level 9.4 Transmutations
 - Level 4.0 Ice Magic
 - Level 3.0 Air Magic
 - Level 1.0 Poison Magic


You had 7 spell levels left.
You knew the following spells:

 Your Spells              Type           Power      Damage    Failure   Level
a - Beastly Appendage     Tmut           44%        N/A       3%          1
c - Passwall              Tmut/Erth      10%        N/A       12%         2
e - Wereblood             Tmut           22%        N/A       3%          2
f - Swiftness             Air            9%         N/A       34%         3
h - Vhi's Electric Charg  Tloc/Air       18%        N/A       34%         3
o - Ozocubu's Armour      Ice            17%        N/A       26%         3
p - Spider Form           Tmut/Pois      14%        N/A       17%         3
q - Ice Form              Ice/Tmut       25%        N/A       26%         4

Your spell library contained the following spells:

 Spells                   Type           Power      Damage    Failure   Level
 Freeze                   Ice            68%        1d8       12%         1
 Frozen Ramparts          Ice            34%        1d6       26%         3
 Ensorcelled Hibernation  Hex/Ice        22%        N/A       28%         2
 Ignite Poison            Fire/Tmut/Pois 10%        N/A       30%         3
 Gell's Gravitas          Tloc           9%         N/A       34%         3
 Teleport Other           Tloc           9%         N/A       34%         3
 Foxfire                  Conj/Fire      12%        2x1d4     38%         1
 Hailstorm                Conj/Ice       11%        3d5       45%         3
 Sublimation of Blood     Necr           3%         N/A       47%         2
 Petrify                  Tmut/Erth      13%        N/A       47%         4
 Passage of Golubria      Tloc           9%         N/A       67%         4
 Tukima's Dance           Hex            3%         N/A       69%         3
 Irradiate                Conj/Tmut      6%         3d13      77%         5
 Yara's Violent Unravell  Hex/Tmut       6%         3d5       77%         5
 Iskenderun's Mystic Bla  Conj/Tloc      6%         2d4       85%         4
 Anguish                  Hex/Necr       1%         N/A       96%         4
 Animate Dead             Necr           3%         N/A       96%         4
 Cause Fear               Hex            1%         N/A       96%         4
 Sticky Flame             Conj/Fire      3%         2d3       96%         4
 Metabolic Englaciation   Hex/Ice        5%         N/A       98%         5
 Arcjolt                  Conj/Air       3%         1d13      99%         5
 Statue Form              Tmut/Erth      8%         N/A       99%         6
 Borgnjor's Vile Clutch   Necr/Erth      1%         N/A       100%        5
 Fireball                 Conj/Fire      1%         3d3       100%        5
 Death Channel            Necr           1%         N/A       100%        6
 Dispersal                Tloc           4%         N/A       100%        6
 Plasma Beam              Fire/Air       3%         2x1d14    100%        6
 Starburst                Conj/Fire      1%         6d3       100%        6
 Enfeeble                 Hex            1%         N/A       100%        7
 Ozocubu's Refrigeration  Ice            8%         4d9       100%        7
 Ignition                 Fire           1%         3d3       100%        8
 Maxwell's Capacitive Co  Air            4%         ∞         100%        8


Dungeon Overview and Level Annotations

Branches:
Dungeon (13/15)            Temple (1/1) D:5            Lair (5/5) D:9
  Swamp (0/4) Lair:3       Spider (0/4) Lair:3        Slime (0/5) Lair:4
    Orc (1/2) D:9          Vaults (0/5) D:13

Shops:
D:7 *   D:8 *


Innate Abilities, Weirdness & Mutations

You are a venomous arachnid creature.
You have venomous fangs.
You are tiny and dextrous.
Your spellcasting is less reliable in this form.
Your armour is entirely melded.
You are incapable of wielding weapons or throwing items.
You have an increased reservoir of magic. (+10% MP)
You shall have no god before yourself.
Your divine heritage dramatically boosts your attributes as you level up.
[You have an uncontrollable temper.]
[You are very clumsy. (Dex -4)]
[((Armour fits poorly on your strangely shaped body.))]
[Your body often deteriorates upon taking damage.]
[You are very dopey. (Int -4)]
[You are extremely frail. (-30% HP)]
[You frequently scream uncontrollably at your foes.]
[You do not regenerate when monsters are visible.]
[You are often teleported next to monsters.]
[((You are very vulnerable to cold. (rC--)))]
[((You are very vulnerable to heat. (rF--)))]
[You sometimes lose the ability to drink potions when taking damage.]
[You sometimes lose the ability to read scrolls when taking damage.]


Message History

The cherub is severely wounded.
The cherub hits you with a +2 flail of flaming!
Your body deteriorates!
You feel clumsy. The cherub burns you!
You feel threatened and lose the ability to drink potions!
* * * LOW HITPOINT WARNING * * *
Your body deteriorates!
You feel dopey.
The cherub gores you but does no damage.
The heat melts your icy armour.
You cannot drink potions in your current state!
Unknown command.
You cannot read scrolls in your current state!
Okay, then.
Press: ? - help, v - describe, . - travel
Here: a cherub, wielding a +2 flail of flaming, wearing a +0 robe and wearing the +0 buckler of Bybaigye {rPois Str+4} (severely wounded, haloed)
The floor.
Aiming: Mindburst
Press: ? - help, Shift-Dir - straight line, f - cherub
Aim: a cherub, wielding a +2 flail of flaming, wearing a +0 robe and wearing the +0 buckler of Bybaigye {rPois Str+4} (severely wounded, haloed, chance to affect: 6%)
Okay, then.
Aiming: Quicksilver Bolt
Press: ? - help, Shift-Dir - straight line, f - cherub
Aim: a cherub, wielding a +2 flail of flaming, wearing a +0 robe and wearing the +0 buckler of Bybaigye {rPois Str+4} (severely wounded, haloed, 56% to hit)
The bolt of dispelling energy hits the cherub.
The cherub is severely wounded.
You hear a low.
The cherub hits you with a +2 flail of flaming!
* * * LOW HITPOINT WARNING * * *
The cherub burns you!
* * * LOW HITPOINT WARNING * * *
The cherub hits you but does no damage. The heat melts your icy armour.
You cannot read scrolls in your current state!
Okay, then.
Your icy armour will break if you move.
Continue?
Your icy armour cracks and falls away as you move.
A cherub comes into view. It is wielding a +2 flail of flaming.
The cherub attacks as you move away!
The cherub hits you with a +2 flail of flaming!
You die...

.+†...'....####......####........
##[...####....'......'..#........
##....# #######+#...##.#........
#....# #.#...##.#........ ###'##
#.#...##.......... ##.#
#.#...####........ ##..# ##.##..#
###.##### #..## #...#### #...#
#.## #.s.# ###.## #.# #.A.# #..#
##'####### #.....# #####.##
#........# #.....# #.......
#........# #.......# #......)
'>.......# #....#....# ##.......
#.......###.#.$.#...#.# #........
.....####....#.#.#A#... ####.)...
.#####........#.# #... #####.


You could see 2 cherubim.

Vanquished Creatures
  Gastronok (Lair:1)
  Nessos (D:13)
  A minotaur (Lair:2)
  Fannar (Lair:1)
  4 vault guards (D:13)
  2 hydras
  The ghost of olddryhag the Thaumaturge, a journeyman DsRe (Lair:1)
  2 centaur warriors (D:13)
  3 boulder beetles
  A two-headed ogre (D:12)
  3 death yaks (Lair:5)
  2 wretched stars (D:13)
  Amaemon (Lair:1)
  An orc knight (D:13)
  3 manticores
  An oklob plant (Lair:3)
  4 ugly things
  15 elephants
  2 cyclopes
  An orc sorcerer (D:13)
  4 black mambas
  3 gargoyles
  A rust devil (D:5)
  An orange demon (Lair:1)
  A torpor snail (Lair:1)
  8 cane toads
  A rime drake (Lair:3)
  2 unseen horrors (D:12)
  9 komodo dragons
  A tengu conjurer (D:13)
  A troll (D:12)
  7 hornets
  The ghost of BlasphemerAmon the Conjurer, an amateur DsCj of Sif Muna (D:4)
  7 polar bears
  Prince Ribbit (D:5)
  11 blink frogs
  5 slime creatures (D:13)
  2 jumping spiders (Lair:3)
  16 spriggans
  A vampire (D:12)
  2 shadows
  3 wraiths
  41 yaks
  6 wyverns
  A human (D:13)
  4 basilisks
  2 redbacks (Lair:3)
  Menkaure (D:6)
  2 acid dragons
  16 water moccasins
  6 black bears
  10 orc warriors
  A sky beast (D:7)
  2 ice beasts
  3 boggarts (Lair:5)
  58 wolves
  6 ogres
  3 centaurs
  A kobold brigand (D:8)
  8 bullfrogs
  3 scorpions
  A gnoll sergeant (D:12)
  9 wights
  12 killer bees
  5 electric eels (Lair:3)
  A jelly (D:5)
  6 orc priests
  A gnoll bouda (D:10)
  Crazy Yiuf (D:2)
  7 iguanas
  17 orc wizards
  14 hell rats
  12 gnolls
  2 adders
  A river rat (D:4)
  A shadow imp (D:4)
  4 white imps
  An ufetubus (D:6)
  5 dart slugs
  43 orcs
  9 bats
  6 endoplasms
  3 giant cockroaches
  7 goblins
  4 hobgoblins
  6 jackals
  4 quokkas
  6 ball pythons
  8 frilled lizards
  10 kobolds
  11 rats
529 creatures vanquished.

Vanquished Creatures (collateral kills)
  A yak (Lair:1)
1 creature vanquished.

Vanquished Creatures (others)
  31 fungi
  32 plants
63 creatures vanquished.

Grand Total: 593 creatures vanquished

Notes
Turn   | Place    | Note
-------+----------+-------------------------------------------
     0 | D:1      | avis the Demigod Transmuter began the quest for the Orb.
     0 | D:1      | Reached XP level 1. HP: 15/15 MP: 5/5
    22 | D:1      | Reached skill level 1 in Fighting
   240 | D:1      | Reached XP level 2. HP: 19/24 MP: 5/7
   562 | D:1      | Got the Directory of the Airy Map
   641 | D:1      | Reached XP level 3. HP: 21/29 MP: 6/8
  1144 | D:2      | Reached skill level 1 in Poison Magic
  1148 | D:2      | Learned a level 3 spell: Spider Form
  1151 | D:2      | Learned a level 2 spell: Wereblood
  1399 | D:2      | Reached skill level 1 in Ranged Weapons
  1851 | D:2      | Found a runed translucent door.
  1852 | D:2      | Noticed Crazy Yiuf
  2474 | D:3      | Reached XP level 4. HP: 36/36 MP: 9/9
  3257 | D:4      | Noticed a black bear
  3338 | D:4      | Killed a black bear
  3339 | D:4      | Reached XP level 5. HP: 26/46 MP: 4/10
  3368 | D:4      | Noticed an ogre
  3551 | D:4      | Killed an ogre
  3552 | D:4      | Reached XP level 6. HP: 51/52 MP: 8/11
  3644 | D:4      | Found a runed translucent door.
  3645 | D:4      | Noticed BlasphemerAmon's ghost (amateur DsCj)
  3697 | D:4      | Found a runed translucent door.
  4184 | D:5      | Entered Level 5 of the Dungeon
  4391 | D:5      | Noticed Prince Ribbit
  4533 | D:5      | Found a staircase to the Ecumenical Temple.
  4533 | D:5      | Identified the +5 mace "Grim" {elec, Will+ rCorr Dex+5}
  4600 | D:5      | Noticed a rust devil
  4630 | D:5      | Killed a rust devil
  4631 | D:5      | Reached XP level 7. HP: 59/59 MP: 13/13
  4772 | D:5      | Noticed an angel
  4823 | D:5      | Killed Prince Ribbit
  5085 | D:5      | Reached XP level 8. HP: 66/66 MP: 7/14
  5299 | D:5      | Identified the staff of air "Orarupne" {rElec rC+ rN+
                  | Int+2}
  5372 | D:5      | Learned a level 3 spell: Swiftness
  5473 | Temple   | Entered the Ecumenical Temple
  5473 | Temple   | Found a transporter.
  5473 | Temple   | Found a transporter.
  5475 | Temple   | Found a transporter.
  5475 | Temple   | Found a transporter.
  5650 | D:6      | Reached skill level 1 in Air Magic
  5759 | D:6      | Noticed Menkaure
  5780 | D:6      | Learned a level 4 spell: Ice Form
  5964 | D:6      | Reached skill level 5 in Fighting
  6021 | D:6      | Reached skill level 1 in Ice Magic
  6561 | D:7      | Found Yduli's Gadget Gallery.
  7588 | D:6      | Killed Menkaure
  7589 | D:6      | Reached XP level 9. HP: 37/74 MP: 14/18
  7781 | Temple   | Learned a level 2 spell: Passwall
  7958 | D:2      | Killed Crazy Yiuf
  8460 | D:8      | Found Myox's CLEARANCE SALE!.
  8472 | D:8      | Bought a potion of curing for 12 gold pieces
  8472 | D:8      | Bought a potion of magic for 32 gold pieces
  8472 | D:8      | Bought a scroll of identify for 8 gold pieces
  9218 | D:8      | Reached skill level 5 in Dodging
  9227 | D:8      | Paralysed by an orc wizard for 4 turns
  9668 | D:9      | Reached skill level 5 in Unarmed Combat
  9944 | D:9      | Found a staircase to the Lair.
 10528 | D:9      | Reached XP level 10. HP: 66/79 MP: 11/19
 11109 | D:9      | Found a staircase to the Orcish Mines.
 11233 | Lair:1   | Entered Level 1 of the Lair of Beasts
 11233 | Lair:1   | Noticed Amaemon
 11271 | D:10     | Entered Level 10 of the Dungeon
 12172 | D:10     | Identified the +6 sling of Governance {antimagic, rElec
                  | Str+3}
 12724 | Lair:1   | Killed Amaemon
 12729 | Lair:1   | Reached XP level 11. HP: 55/94 MP: 10/20
 12962 | Lair:1   | Noticed Fannar
 13233 | Lair:1   | Killed Fannar
 13314 | Lair:1   | Reached XP level 12. HP: 104/104 MP: 21/21
 13888 | Lair:1   | Identified the +0 robe "Buscheq" {MP+9 Str+2}
 13988 | Lair:1   | Found a runed translucent door.
 13988 | Lair:1   | Identified the +10 trident of Mibyur {heavy, rPois Will+
                  | Stlth+}
 14077 | Lair:1   | Noticed Gastronok
 14243 | Lair:1   | Killed Gastronok
 14244 | Lair:1   | Reached skill level 10 in Fighting
 14824 | Lair:1   | Noticed olddryhag's ghost (journeyman DsRe)
 15364 | Lair:2   | Noticed a minotaur
 15372 | Lair:2   | Killed a minotaur
 15502 | Lair:2   | Identified the +6 trident "Baloefoz" {venom, Str-3 Int+4}
 15531 | Lair:2   | Found a runed translucent door.
 15680 | Lair:2   | Reached skill level 10 in Dodging
 15832 | Lair:2   | Noticed a four-headed hydra
 15837 | Lair:2   | Killed a four-headed hydra
 15896 | Lair:2   | Reached skill level 5 in Transmutations
 16410 | Lair:2   | Reached XP level 13. HP: 113/113 MP: 15/22
 16719 | Lair:3   | Found a staircase to the Swamp.
 16947 | Lair:3   | Reached skill level 5 in Spellcasting
 17348 | Lair:3   | Found a hole to the Spider Nest.
 18668 | Orc:1    | Entered Level 1 of the Orcish Mines
 20273 | Lair:4   | Found a staircase to the Slime Pits.
 21080 | Lair:5   | Entered Level 5 of the Lair of Beasts
 21806 | Lair:5   | Identified the +0 hat "Meil" {rElec}
 21885 | Lair:5   | Reached skill level 5 in Stealth
 22923 | Lair:5   | Reached XP level 14. HP: 126/126 MP: 23/27
 23174 | Lair:5   | Reached skill level 1 in Shields
 24389 | D:4      | Killed BlasphemerAmon's ghost
 24656 | Lair:1   | Killed olddryhag's ghost
 26705 | Lair:1   | Upgraded the game from 0.30-a0-1160-g6e42c06551 to
                  | 0.30-a0-1161-g0704695555
 26710 | Lair:1   | Learned a level 3 spell: Vhi's Electric Charge
 26858 | D:12     | Learned a level 3 spell: Ozocubu's Armour
 27204 | D:13     | Reached skill level 1 in Translocations
 27429 | D:13     | Noticed Nessos
 27431 | D:13     | Killed Nessos
 28152 | D:13     | Found a gate to the Vaults.
 28550 | D:13     | Identified the +0 buckler of Bybaigye {rPois Str+4}
 28631 | D:13     | HP: 1/88 [cherub/+2 flail of flaming (9)]
 28633 | D:13     | Mangled by a cherub

Illustrated notes

Levels and vault maps discovered:
D:1:      dpeg_arrival_fog, layout_loops_cross
D:2:      layout_basic, hellmonk_ecumenical_altar_zigzags,
          uniq_crazy_yiuf_cottage
D:3:      layout_basic, nicolae_wu_jian_immortal_techniques, eino_tiny_chamber
D:4:      layout_loops_ring, ebering_ghost_sewer_f
D:5:      layout_basic, temple_garden, uniq_prince_ribbit1
D:6:      layout_rooms, uniq_menkaure
D:7:      layout_basic, marbit_many_paths, minivault_23, nicolae_shop_gadgets
D:8:      layout_rooms, hellmonk_bongcloud_opening, nicolae_shop_clearance
D:9:      layout_loops_ring, lair_entry_dummy, orc_0_dummy
D:10:     layout_loops_corners, lemuel_doored_altar,
          mainiacjoe_overflow_catch_the_wave, minmay_statues_item,
          minivault_25_ag
D:11:     layout_roguey
D:12:     layout_basic
D:13:     layout_roguey, grunt_vaults_entry_fortified,
          hellmonk_guarded_unrand_starlight, uniq_nessos
Temple:   hellmonk_temple_divided_pantheon
Lair:1:   beast_lair_carwin_large_1, layout_misc_corridors,
          ebering_ghost_funeral_grove, serial_bayou_shore_a, uniq_gastronok,
          uniq_fannar, uniq_amaemon
Lair:2:   dreamdust_labyrinth, layout_loops_ring, infiniplex_staircase_pool
Lair:3:   layout_gridlike, minmay_swamp_entry_eels, spider_nest_entry_a
Lair:4:   layout_layer_cave, dpeg_slime_entry_enclosed,
          grunt_forest_large_clearings
Lair:5:   minmay_lair_end_enchanted_forest, layout_long_grid
Orc:1:    layout_caves

Skill      XL: |  1  2  3  4  5  6  7  8  9 10 11 12 13 14 |
---------------+-------------------------------------------+-----
Fighting       | 2 3 4 5 6 8 9 10 12 | 12.0
Unarmed Combat | 3 4 6 8 11 12 | 12.0
Dodging        | 2 4 6 7 8 10 | 10.0
Spellcasting   | 2 4 6 7 |  7.5
Transmutations | 2 3 4 5 7 9 |  9.4
Poison Magic   | 1 |  1.0
Ranged Weapons | 1 2 3 4 |  4.0
Stealth        | 2 4 6 |  6.0
Air Magic      | 2 3 |  3.0
Ice Magic      | 3 4 |  4.0
Shields        | 4 |  4.0
Translocations | 3 |  3.0

Action                     |  1- 3 |  4- 6 |  7- 9 | 10-12 | 13-15 || total
---------------------------+-------+-------+-------+-------+-------++-------
  Melee: Unarmed           |    59 |    45 |   258 |   347 |   794 ||  1503
         Kick              |    12 |       |       |       |       ||    12
         Headbutt          |     8 |     2 |       |       |       ||    10
         Mace              |       |     4 |       |       |       ||     4
         Punch             |       |       |       |     1 |       ||     1
         Staff             |       |       |       |       |     7 ||     7
   Fire: Sling             |    65 |    62 |    72 |    30 |    12 ||   241
   Cast: Beastly Appendage |    19 |     6 |     1 |       |     1 ||    27
         Spider Form       |     1 |     7 |    23 |       |     1 ||    32
         Ice Form          |       |       |    11 |    30 |    81 ||   122
         Ozocubu's Armour  |       |       |       |       |    16 ||    16
         Vhi's Electric Ch |       |       |       |       |    14 ||    14
         Wereblood         |       |       |       |       |     3 ||     3
         Passwall          |       |       |       |       |     1 ||     1
Ability: End Transformatio |       |       |     2 |     1 |     9 ||    12
  Evoke: Wand              |       |       |       |       |     4 ||     4
    Use: Potion            |       |       |     1 |     7 |       ||     8
         Scroll            |       |       |    10 |     3 |     4 ||    17
   Stab: Sleeping          |       |     1 |       |     3 |     8 ||    12
         Distracted        |       |       |       |       |     1 ||     1
 Armour: Robe              |     8 |     3 |     2 |     6 |     5 ||    24
         Skin              |       |     1 |    18 |    60 |   128 ||   207
  Dodge: Dodged            |    46 |    45 |   203 |   238 |   546 ||  1078
  Block: Other             |       |       |       |       |    18 ||    18
         Buckler           |       |       |       |       |    14 ||    14

Table legend: (Time is in decaauts)
 A = Elapsed time spent in this place.
 B = Non-inter-level travel time spent in this place.
 C = Inter-level travel time spent in this place.
 D = Time resting spent in this place.
 E = Time spent auto-exploring this place.
 F = Levels seen in this place.
 G = Mean time per level.
                   A        B        C        D        E       F      G
               +--------+--------+--------+--------+--------+-----+--------+
         Total |  28679 |  23776 |   4903 |   6214 |   9576 |  20 | 1433.9 |
       Dungeon |  18473 |  14760 |   3713 |   3923 |   6389 |  13 | 1421.0 |
        Temple |    181 |    173 |      8 |    100 |      0 |   1 |  181.0 |
          Lair |   9447 |   8295 |   1152 |   2124 |   3145 |   5 | 1889.4 |
  Orcish Mines |    576 |    547 |     29 |     67 |     42 |   1 |  576.0 |
               +--------+--------+--------+--------+--------+-----+--------+

Top non-repeatable levels by time:
     D:9: 2473 daAuts
  Lair:1: 2338 daAuts
  Lair:2: 2113 daAuts
  Lair:4: 1884 daAuts
     D:7: 1729 daAuts
    D:10: 1658 daAuts
  Lair:3: 1626 daAuts
    D:13: 1526 daAuts
     D:5: 1489 daAuts
  Lair:5: 1484 daAuts
     D:8: 1351 daAuts
     D:4: 1327 daAuts
     D:2: 1284 daAuts
    D:11: 1187 daAuts
     D:3: 1180 daAuts
